 Dungeon Crawl Stone Soup version 0.27.1-33-g824d729ab1 (webtiles) character file.

Game seed: 5391390897000306095

20 pkoi the Caller (level 2, -1/20 HPs)
             Began as a Draconian Summoner on Nov 30, 2021.
             Slain by a kobold (2 damage)
             ... on level 2 of the Dungeon.
             The game lasted 00:01:27 (1324 turns).

pkoi the Caller (Draconian Summoner)                Turns: 1324, Time: 00:01:27

Health: -1/20      AC:  5    Str: 10    XL:     2   Next: 58%
Magic:  2/5        EV: 12    Int: 15    God:
Gold:   62         SH:  0    Dex: 11    Spells: 2/5 levels left

rFire    . . .     SeeInvis .     - Unarmed
rCold    . . .     Faith    .   (no shield)
rNeg     . . .     Spirit   .   (armour unavailable)
rPois    .         Reflect  .   (helmet restricted)
rElec    .         Harm     .   (no cloak)
rCorr    .         Rampage  .   c - +0 pair of gloves
Will     .....                  (no boots)
Stlth    ++........             (no amulet)
HPRegen  0.06/turn              (no ring)
MPRegen  0.09/turn              (no ring)

@: attractive
A: AC +4, unfitting armour, cold-blooded
a: no special abilities


You were on level 2 of the Dungeon.
You visited 1 branch of the dungeon, and saw 2 of its levels.

You collected 62 gold pieces.

Inventory:

Armour
 c - a +0 pair of gloves (worn)
Scrolls
 d - a scroll of noise {unknown}
Potions
 a - 3 potions of attraction
 b - a potion of berserk rage {unknown}


   Skills:
 - Level 1.7 Dodging
 - Level 1.7 Stealth
 + Level 2.3 Unarmed Combat
 - Level 2.0 Spellcasting
 - Level 4.0 Summonings


You had 2 spell levels left.
You knew the following spells:

 Your Spells              Type           Power      Damage    Failure   Level
a - Summon Small Mammal   Summ           52%        N/A       4%          1
b - Call Imp              Summ           13%        N/A       6%          2

Your spell library contained the following spells:

 Spells                   Type           Power      Damage    Failure   Level
 Call Canine Familiar     Summ           13%        N/A       13%         3
 Summon Guardian Golem    Hex/Summ       7%         N/A       28%         3
 Summon Lightning Spire   Summ/Air       7%         N/A       67%         4


Dungeon Overview and Level Annotations

Branches:
Dungeon (2/15)

Altars:


Innate Abilities, Weirdness & Mutations

Your plain brown scales are hard. (AC +4)
You cannot fit into any form of body armour.
You are cold-blooded and may be slowed by cold attacks.


Message History

* * * LOW HITPOINT WARNING * * *
The hobgoblin closely misses you.
Unknown command.
You closely miss the hobgoblin.
You tail-slap the hobgoblin, but do no damage.
The kobold barely misses you.
Your crimson imp hits the endoplasm but does no damage.
The endoplasm freezes you.
You are frozen.
* * * LOW HITPOINT WARNING * * *
You feel yourself slow down. The hobgoblin barely misses you.
You barely miss the hobgoblin.
You feel yourself speed up. The kobold barely misses you.
Your crimson imp hits the endoplasm.
The endoplasm jiggles.
The endoplasm freezes you.
You are frozen.
* * * LOW HITPOINT WARNING * * *
The hobgoblin hits you.
* * * LOW HITPOINT WARNING * * *
The kobold closely misses you.
Your crimson imp blinks!
The endoplasm freezes you.
You are frozen.
* * * LOW HITPOINT WARNING * * *
You hit the endoplasm.
You kill the endoplasm!
The hobgoblin barely misses you. The kobold hits you but does no damage.
Your crimson imp hits the hobgoblin.
Unknown command.
You closely miss the kobold. The hobgoblin misses your crimson imp.
The kobold hits you with a +0 dagger.
* * * LOW HITPOINT WARNING * * *
Your crimson imp hits the hobgoblin but does no damage.
Unknown command.
It was a potion of attraction.
You feel attractive to monsters.
The hobgoblin hits you but does no damage.
The kobold hits you with a +0 dagger.
You die...

....#
.........##
....######
#..........
....'....#
#........#
....####.#
#........#
....# #.#
#.5†.....#
#'### #.#
##...†....#
#.# #.#
#.5.......+
#.# #.#
#Kg.......#
#.# #.#
#@#########
#.# #.# #.#
#.#
#.#######.#
#.#
#.........#
#.#
#########.#
#.# ### ..#
###


You could see a hobgoblin (ally target), a kobold and 2 friendly crimson imps.

Vanquished Creatures
  A ball python (D:2)
  2 bats
  3 endoplasms
  2 giant cockroaches (D:1)
  A goblin (D:1)
  3 kobolds (D:1)
  A rat (D:1)
13 creatures vanquished.

Vanquished Creatures (collateral kills)
  A goblin (D:1)
  2 frilled lizards
  2 kobolds (D:1)
  3 rats
8 creatures vanquished.

Grand Total: 21 creatures vanquished

Notes
Turn   | Place    | Note
-------+----------+-------------------------------------------
     0 | D:1      | pkoi the Draconian Summoner began the quest for the Orb.
     0 | D:1      | Reached XP level 1. HP: 14/14 MP: 3/3
   300 | D:1      | Reached skill level 1 in Unarmed Combat
   449 | D:1      | Reached XP level 2. HP: 12/20 MP: 5/5
   571 | D:1      | Learned a level 2 spell: Call Imp
  1320 | D:2      | HP: 1/20 [kobold (3)]
  1324 | D:2      | Slain by a kobold

Illustrated notes

Levels and vault maps discovered:
D:1:      denvon_arrival_hothouse, layout_basic, minmay_ruptured
D:2:      layout_basic, ebering_ecumenical_altar_sacrificial, uniq_natasha

Skill      XL: |  1  2 |
---------------+-------+-----
Unarmed Combat | 1 2 |  2.3
Dodging        | |  1.7
Stealth        | |  1.7
Spellcasting   | |  2.0
Summonings     | |  4.0

Action                   || total
-------------------------++-------
Melee: Unarmed           ||    68
       Tailslap          ||     9
 Cast: Summon Small Mamm ||     5
       Call Imp          ||     7
  Use: Potion            ||     1
Armor: Skin              ||    57
Dodge: Dodged            ||   101
